 Dungeon Crawl Stone Soup version 0.19-a0-957-gf4ea323 (webtiles) character file.

123 mrath the Cudgeler (level 4, 0/39 HPs)
             Began as a Minotaur Fighter on July 10, 2016.
             Succumbed to an adder's poison
             ... on level 3 of the Dungeon.
             The game lasted 00:08:01 (2003 turns).

mrath the Cudgeler (Minotaur Fighter)               Turns: 2003, Time: 00:08:03

Health: 0/39       AC:  9    Str: 20 (21) XL:     4   Next: 79%
Magic:  8/12       EV:  5    Int:  2 (5)  God:
Gold:   72         SH:  9    Dex:  7 (10) Spells: 0 memorised, 3 levels left

rFire  . . .     SeeInvis .     a - +0 flail
rCold  . . .     Gourm    .     q - +0 chain mail
rNeg   . . .     Faith    .     c - +0 shield
rPois  .         Spirit   .     (helmet restricted)
rElec  .         Dismiss  .     (no cloak)
rCorr  .         Reflect  .     (no gloves)
SustAt .         Harm     .     (no boots)
MR     .....                    (no amulet)
Stlth  ..........               x - ring of magical power
                                e - ring of stealth

@: lethally poisoned (0 -> -3), not resistant to hostile enchantments, extremely
unstealthy
A: retaliatory headbutt, horns 2
a: no special abilities


You were on level 3 of the Dungeon.
You were hungry.

You visited 1 branch of the dungeon, and saw 3 of its levels.

You collected 72 gold pieces.

Inventory:

Hand Weapons
 a - a +0 flail (weapon)
 s - a +2 whip of venom
 y - a +0 hunting sling
Missiles
 b - 5 tomahawks
 l - 41 stones (quivered)
 r - 36 sling bullets
Armour
 c - a +0 shield (worn)
 q - a +0 chain mail (worn)
Jewellery
 e - a ring of stealth (left hand)
 x - a ring of magical power (right hand)
Scrolls
 i - a scroll of enchant weapon {unknown}
 j - 2 scrolls of fog {unknown}
 k - a scroll of recharging {unknown}
 m - 4 scrolls of identify {unknown}
 n - a scroll of remove curse {unknown}
 t - a scroll of amnesia {unknown}
 w - a scroll of enchant armour {unknown}
Potions
 d - a potion of might
 o - a potion of flight {unknown}
 v - a potion of invisibility {unknown}
 z - a potion of heal wounds {unknown}
Comestibles
 f - a bread ration
 g - 2 meat rations
 u - 9 chunks of flesh


   Skills:
 - Level 3.6 Fighting
 + Level 6.1 Maces & Flails
 - Level 3.6 Armour
 - Level 3.6 Shields


You had 3 spell levels left.
You didn't know any spells.

Dungeon Overview and Level Annotations

Branches:
Dungeon (3/15)

Altars:
Kikubaaqudgha


Innate Abilities, Weirdness & Mutations

You reflexively headbutt those who attack you in melee.
You have a pair of horns on your head.


Message History

* * * LOW HITPOINT WARNING * * *
The adder barely misses you. You furiously retaliate!
You headbutt the adder!
Your shield and chain mail prevent you from hitting the adder.
The adder is almost dead.
The adder bites you but does no damage. The adder bites you.
* * * LOW HITPOINT WARNING * * *
You are lethally poisoned!
The adder poisons you!
You barely miss the adder.
The adder is severely wounded.
* * * LOW HITPOINT WARNING * * *
You feel sick. You block the adder's attack.
You closely miss the adder.
The adder is severely wounded.
The adder bites you.
* * * LOW HITPOINT WARNING * * *
It was a potion of degeneration.
There was something very wrong with that liquid.
You feel weakened.
You feel dopey.
You feel clumsy.
You die...

... # #..
#.#.. #.#..###
##......## ###
..?......##...
#........#.#
#..$..@?...#
#.....S..###
#....†.)##
#.#.##<##
..... #<# ...#
#.# .## #.#
... #..


You could see an adder.

Vanquished Creatures
  An orc priest (D:3)
  2 adders (D:2)
  An ooze (D:1)
  2 dart slugs
  A worm (D:2)
  2 giant geckos (D:2)
  4 orcs
  10 giant cockroaches
  3 goblins
  6 hobgoblins
  2 jackals (D:2)
  6 kobolds
  2 quokkas (D:2)
  6 bats
  A giant newt (D:1)
  2 rats (D:2)
  A withered plant (D:2)
52 creatures vanquished.

Notes
Turn   | Place    | Note
-------+----------+-------------------------------------------
     0 | D:1      | mrath the Minotaur Fighter began the quest for the Orb.
     0 | D:1      | Reached XP level 1. HP: 19/19 MP: 0/0
   104 | D:1      | Reached skill level 3 in Maces & Flails
   188 | D:1      | Reached XP level 2. HP: 26/26 MP: 1/1
   665 | D:1      | Reached skill level 4 in Maces & Flails
   958 | D:2      | Reached XP level 3. HP: 14/31 MP: 2/2
  1348 | D:2      | Found an ancient bone altar of Kikubaaqudgha.
  1354 | D:2      | Reached skill level 5 in Maces & Flails
  1578 | D:2      | Found a faded altar of an unknown god.
  1606 | D:2      | Reached XP level 4. HP: 39/39 MP: 3/3
  1992 | D:3      | Reached skill level 6 in Maces & Flails
  2002 | D:3      | HP: 1/39 [adder (2)]
  2003 | D:3      | Succumbed to an adder's poison

Vault maps used:
D:1:      arrival_zaba_pyramid, grunt_decor_arrowhead
D:2:      minmay_roachtagon, kiku_gazebo_garden_becter, ecumenical_altar_2
D:3:      first_bread, minmay_quantized, uniq_jessica

Skill      XL: |  1  2  3  4 |
---------------+-------------+-----
Maces & Flails | 3 4 5 6 |  6.1
Fighting       | |  3.6
Armour         | |  3.6
Shields        | |  3.6

Action                   |  1- 3 |  4- 6 || total
-------------------------+-------+-------++-------
Melee: Flail             |   110 |    45 ||   155
       Headbutt          |    15 |     7 ||    22
  Use: Potion            |       |     1 ||     1
  Eat: Chunk             |     2 |     1 ||     3
Armor: Scale mail        |    11 |       ||    11
       Chain mail        |    44 |    19 ||    63
Dodge: Dodged            |    34 |    11 ||    45
Block: Shield            |    43 |    19 ||    62
